 Dungeon Crawl Stone Soup version 0.20-a0-1109-ge3cd172 (webtiles) character file.

3747 Rrauwl the Cutter (level 9, -11/49 HPs)
             Began as a Deep Elf Necromancer on May 5, 2017.
             Was a Follower of Kikubaaqudgha.
             Mangled by a death yak (27 damage)
             ... on level 8 of the Dungeon.
             The game lasted 01:08:38 (11043 turns).

Rrauwl the Cutter (Deep Elf Necromancer)           Turns: 11043, Time: 01:08:39

Health: -11/49     AC:  7    Str: 11      XL:     9   Next: 93%
Magic:  15/18      EV: 28    Int: 21 (23) God:    Kikubaaqudgha [*.....]
Gold:   227        SH:  9    Dex: 24      Spells: 3/18 levels left

rFire    . . .     SeeInvis .   a - +1 dagger (protect)
rCold    . . .     Gourm    .   n - +3 buckler {reflect}
rNeg     . . .     Faith    +   f - +0 robe
rPois    +         Spirit   .   j - +0 helmet
rElec    .         Reflect  +   v - +1 cloak {MR+}
rCorr    .         Harm     .   (no gloves)
MR       +....                  (no boots)
Stlth    +++++.....             s - amulet of faith
Regen    0.0/turn               x - +6 ring of dexterity
MPRegen  0.2/turn               G - ring of Elyvilon's Whim {+Fly EV+5}

@: mighty, agile
A: claws 1, fangs 1, repulsion field 1, thin metallic scales 1, clever 1, clumsy
1, deterioration 1, poison resistance, inhibited regeneration, weak 1, evolution
2
a: Receive Corpses, Renounce Religion, Evoke Flight


You were on level 8 of the Dungeon.
You worshipped Kikubaaqudgha.
Kikubaaqudgha was aware of your devotion.
You were not hungry.

You visited 2 branches of the dungeon, and saw 9 of its levels.
You also visited: Ossuary.

You collected 487 gold pieces.
You spent 260 gold pieces at shops.

Inventory:

Hand Weapons
 a - a +1 dagger of protection (weapon)
 b - a +0 shortbow
Missiles
 h - 110 arrows
Armour
 f - a +0 robe (worn)
 j - a +0 helmet (worn)
 n - a +3 buckler of reflection (worn)
 v - a +1 cloak of magic resistance (worn)
Jewellery
 l - an uncursed amulet of guardian spirit
 s - an amulet of faith (around neck)
 x - a +6 ring of dexterity (left claw)
 D - an uncursed ring of wizardry
 G - the ring of Elyvilon's Whim (right claw) {+Fly EV+5}
   (You found it on level 8 of the Dungeon)

   [ring of evasion]

   It affects your evasion (+5).
   It lets you fly.
Wands
 e - a wand of polymorph (22/24)
 m - a wand of disintegration (0/24)
 o - a wand of acid (0/15)
 J - a wand of paralysis (15/24)
Scrolls
 g - 5 scrolls of teleportation
 p - a scroll of fear
 q - a scroll of amnesia
 r - 2 scrolls of fog
 u - 5 scrolls of remove curse
 y - 2 scrolls of identify
 z - 2 scrolls of immolation
 A - a scroll of enchant weapon
 B - a scroll of recharging
 K - a scroll of magic mapping
Potions
 d - a potion of lignification
 i - 2 potions of flight
 t - a potion of curing
 w - a potion of agility
 F - a potion of might
 I - a potion of cancellation {unknown}
Books
 C - a book of Necromancy

   Spells                             Type                      Level
   a - Pain                           Necromancy                   1
   b - Animate Skeleton               Necromancy                   1
   c - Vampiric Draining              Necromancy                   3
   d - Regeneration                   Charms/Necromancy            3
   e - Animate Dead                   Necromancy                   4
   f - Control Undead                 Necromancy                   4
 H - Kikubaaqudgha's Disquisition on Evil Magic
   (Kikubaaqudgha gifted it to you on level 8 of the Dungeon)

   Spells                             Type                      Level
   a - Animate Skeleton               Necromancy                   1
   b - Corpse Rot                     Necromancy                   2
   c - Sublimation of Blood           Necromancy                   2
   d - Vampiric Draining              Necromancy                   3
   e - Control Undead                 Necromancy                   4
Comestibles
 c - 3 chunks of flesh
 k - a bread ration
 E - 2 meat rations


   Skills:
 + Level 2.9 Fighting
 - Level 7.0 Short Blades
 - Level 3.0 Bows
 - Level 3.0 Armour
 - Level 5.0 Dodging
 - Level 6.0 Stealth
 - Level 4.0 Shields
 - Level 5.0 Spellcasting
 - Level 5.2 Charms
 + Level 6.7 Necromancy
 - Level 4.0 Evocations


You had 3 spell levels left.
You knew the following spells:

 Your Spells              Type           Power        Failure   Level  Hunger
a - Vampiric Draining     Necr           ####......   1%          3    ##.....
b - Pain                  Necr           ####         1%          1    None
c - Regeneration          Chrm/Necr      ####......   2%          3    ##.....
d - Animate Dead          Necr           N/A          7%          4    ####...
e - Control Undead        Necr           ####......   7%          4    ####...


Dungeon Overview and Level Annotations

Branches:
Dungeon (8/15)             Temple (1/1) D:7
   Lair: D:8-11

Altars:
Ashenzari
Cheibriados
Dithmenos
Elyvilon
Fedhas
Gozag
Hepliaklqana
Kikubaaqudgha
Makhleb
Nemelex Xobeh
Okawaru
Qazlal
Ru
Sif Muna
Trog
Uskayaw
Vehumet
Wu Jian
Xom
Yredelemnul
Zin
The Shining One

Shops:
D:4 !   D:6 [*   D:7 *

Annotations:
D:2 Natasha
D:7 kroki's ghost, novice MiCj


Innate Abilities, Weirdness & Mutations

You have sharp fingernails.
You have very sharp teeth.
You are surrounded by a mild repulsion field. (EV +2)
You are partially covered in thin metallic scales. (AC +2)
Your mind is acute. (Int +2)
You are clumsy. (Dex -2)
Your body sometimes deteriorates upon taking damage.
Your system is resistant to poisons. (rPois)
You do not regenerate when monsters are visible.
You are weak. (Str -2)
You rapidly evolve.


Message History

Evoke which item? (* to show all) (? for menu, Esc to quit)
Aiming: Paralyse (will waste charges)
Press: ? - help, Shift-Dir - straight line, f/p - death yak
Aim: a death yak (lightly wounded, chance to defeat MR: 4%)
Okay, then.
Unknown command.
Evoke which item? (* to show all) (? for menu, Esc to quit)
Aiming: Polymorph
Press: ? - help, Shift-Dir - straight line, f/p - death yak
Aim: a death yak (lightly wounded, chance to defeat MR: 4%)
Okay, then.
Unknown command.
You feel agile all of a sudden. The death yak gores you!!
Your body deteriorates!
You feel dopey.
You feel very mighty all of a sudden. The death yak gores you!!
Ouch! That really hurt!
You die...
Kikubaaqudgha rasps: "You have failed me!
Welcome... death!"

####.......##
#...........#
#.###.#.....#
#...#.....#
#.####>##########
.....##.# #..(..#
###.#?##.# #.###.####
##.#.##.# #.# #.....
####..#@##.####.########
#.....#Y##......#.)..#
#.....#S#########.##.#
#.._.S......# #.##.###
#......####.# #.##....
#.....## #.# #.######
....?.. #.# #.# #######
#.#####.# #.......#


You could see a death yak and an adder.

Vanquished Creatures
  Maurice (D:8)
  Eustachio (D:6)
  Edmund (D:5)
  A hungry ghost (D:5)
  Duvessa (D:5)
  An orc warrior (D:6)
  2 ice beasts (D:5)
  A black bear (D:7)
  3 sky beasts
  An eye of draining (D:8)
  4 ogres
  2 centaurs
  A bullfrog (D:8)
  Dowan (D:5)
  A scorpion (D:6)
  2 crimson imps
  A bullfrog zombie (D:8)
  6 orc priests
  A gnoll shaman (D:5)
  2 jellies
  3 centaur skeletons
  An iron imp (D:7)
  7 orc wizards
  3 iguanas
  Natasha (twice) (D:2)
  8 worker ants
  A big kobold zombie (Ossuary)
  A hound zombie (D:5)
  2 hound skeletons
  2 mummies (Ossuary)
  Robin (D:3)
  7 gnolls
  A worker ant zombie (D:5)
  13 adders
  A shadow imp (D:8)
  An adder zombie (Ossuary)
  2 worms
  3 dart slugs (D:1)
  8 leopard geckos
  17 orcs
  2 ball pythons
  19 bats
  3 giant cockroaches
  5 gnoll zombies (Ossuary)
  15 goblins
  3 hobgoblins
  4 jackals
  5 quokkas
  4 frilled lizards
  3 hobgoblin zombies (Ossuary)
  8 kobolds
  6 kobold zombies (Ossuary)
  A leopard gecko skeleton (D:4)
  An orc zombie (Ossuary)
  A quokka skeleton (D:7)
  13 rats
211 creatures vanquished.

Vanquished Creatures (collateral kills)
  An orc warrior (D:7)
  An ice beast (D:7)
  A jelly (D:8)
  4 orcs
7 creatures vanquished.

Grand Total: 218 creatures vanquished

Notes
Turn   | Place    | Note
-------+----------+-------------------------------------------
     0 | D:1      | Rrauwl the Deep Elf Necromancer began the quest for the Orb.
     0 | D:1      | Reached XP level 1. HP: 10/10 MP: 6/6
    30 | D:1      | Reached skill level 5 in Necromancy
   343 | D:1      | Reached XP level 2. HP: 2/16 MP: 0/8
  1062 | D:1      | Reached skill level 1 in Fighting
  1293 | D:2      | Reached XP level 3. HP: 17/20 MP: 6/9
  1296 | D:2      | Reached skill level 1 in Short Blades
  1678 | D:2      | Reached skill level 2 in Short Blades
  1718 | D:2      | Reached XP level 4. HP: 21/25 MP: 5/10
  1828 | D:2      | Learned a level 4 spell: Control Undead
  1842 | D:2      | Noticed Natasha
  1852 | D:2      | Killed Natasha
  1852 | D:2      | Reached skill level 3 in Short Blades
  1894 | D:2      | Noticed Natasha
  1914 | D:2      | Killed Natasha
  1956 | D:2      | Noticed Natasha
  2310 | D:2      | Reached XP level 5. HP: 29/29 MP: 11/11
  2626 | D:3      | Found a shadowy altar of Dithmenos.
  2834 | D:3      | Reached skill level 4 in Short Blades
  3221 | D:3      | Found a glowing golden altar of the Shining One.
  3268 | D:3      | Noticed Robin
  3303 | D:3      | Killed Robin
  3340 | D:3      | HP: 1/29 [goblin[Robin] (2)]
  3681 | D:3      | Reached XP level 6. HP: 32/34 MP: 8/12
  4059 | D:3      | Found a sacrificial altar of Ru.
  4063 | D:3      | Found a burning altar of Makhleb.
  4088 | D:3      | Learned a level 3 spell: Regeneration
  4090 | D:3      | Found an ornate altar of the Wu Jian Council.
  4285 | D:4      | Gained mutation: You have very sharp teeth. [potion of mutation]
  4285 | D:4      | Gained mutation: Your muscles are strong. (Str +2) [potion of mutation]
  4285 | D:4      | Gained mutation: You evolve. [potion of mutation]
  4318 | D:4      | Found Daphab's Distillery.
  4327 | D:4      | Reached skill level 1 in Shields
  4334 | D:4      | Bought a potion of lignification for 36 gold pieces
  4352 | D:4      | Reached skill level 5 in Stealth
  4359 | D:4      | Reached skill level 5 in Short Blades
  4754 | D:4      | Lost mutation: Your muscles are strong. (Str +2) [evolution]
  4885 | D:4      | Reached XP level 7. HP: 19/38 MP: 13/13
  5680 | D:5      | Entered Level 5 of the Dungeon
  5988 | D:5      | Reached skill level 1 in Charms
  5988 | D:5      | Reached skill level 1 in Evocations
  6160 | D:5      | Noticed a hungry ghost
  6249 | D:5      | Noticed Edmund
  6249 | D:5      | Killed a hungry ghost
  6249 | D:5      | Reached skill level 6 in Short Blades
  6249 | D:5      | Reached XP level 8. HP: 43/43 MP: 14/14
  6262 | D:5      | Killed Edmund
  6884 | D:5      | Noticed Duvessa
  6884 | D:5      | Noticed Dowan
  6901 | D:5      | Killed Duvessa
  6917 | D:5      | Killed Dowan
  7068 | D:6      | Found Dueh's Armour Shop.
  7075 | D:6      | Bought a +1 cloak of magic resistance for 198 gold pieces
  7119 | D:6      | Noticed Eustachio
  7146 | D:6      | Killed Eustachio
  7252 | D:6      | Reached skill level 5 in Charms
  7501 | D:6      | Found Evoschar's General Store.
  7670 | D:6      | Gained mutation: Your system is resistant to poisons. (rPois) [evolution]
  8016 | D:6      | Reached skill level 7 in Short Blades
  8253 | D:6      | Reached skill level 1 in Armour
  8253 | D:6      | Reached XP level 9. HP: 47/47 MP: 15/15
  8827 | D:7      | Found Foichuh's Assorted Antiques.
  8833 | D:7      | Bought a scroll labeled RUUGUJ EDWUPLAA for 26 gold pieces
  8855 | D:7      | Found a sand-covered staircase.
  8860 | Ossuary  | Entered an ossuary
  9359 | D:7      | Noticed kroki's ghost (novice MiCj)
  9510 | D:7      | Found a staircase to the Ecumenical Temple.
  9557 | Temple   | Entered the Ecumenical Temple
  9769 | Temple   | Became a worshipper of Kikubaaqudgha
  9923 | D:7      | Reached skill level 1 in Bows
  9923 | D:7      | Reached skill level 5 in Dodging
 10155 | D:7      | Gained mutation: Your body sometimes deteriorates upon taking damage. [mutagenic meat]
 10156 | D:7      | Gained mutation: You do not regenerate when monsters are visible. [mutagenic meat]
 10157 | D:7      | Gained mutation: Your mind is acute. (Int +2) [mutagenic meat]
 10158 | D:7      | Gained mutation: You rapidly evolve. [mutagenic meat]
 10182 | D:7      | Gained mutation: You are clumsy. (Dex -2) [mutagenic meat]
 10183 | D:7      | Gained mutation: You are weak. (Str -2) [mutagenic meat]
 10184 | D:7      | Gained mutation: You have sharp fingernails. [mutagenic meat]
 10186 | D:7      | Gained mutation: You are partially covered in thin metallic scales. (AC +2) [mutagenic meat]
 10493 | D:8      | Got a scintillating ivory ring
 10495 | D:8      | Identified the ring of Elyvilon's Whim {+Fly EV+5} (You found it on level 8 of the Dungeon)
 10506 | D:8      | HP: 2/48 [acid (7)]
 10582 | D:8      | Reached * piety under Kikubaaqudgha
 10582 | D:8      | Identified Kikubaaqudgha's Disquisition on Evil Magic (Kikubaaqudgha gifted it to you on level 8 of the Dungeon)
 10582 | D:8      | Received a gift from Kikubaaqudgha
 10628 | D:8      | Learned a level 3 spell: Vampiric Draining
 10664 | D:8      | Gained mutation: You are surrounded by a mild repulsion field. (EV +2) [evolution]
 10692 | D:8      | Reached skill level 5 in Spellcasting
 10865 | D:8      | Learned a level 4 spell: Animate Dead
 10896 | D:8      | Noticed a death yak
 10897 | D:8      | Noticed a death yak
 10998 | D:8      | Noticed Maurice
 11002 | D:8      | Killed Maurice
 11032 | D:8      | Found a deep blue altar of Sif Muna.
 11033 | D:8      | Noticed a death yak
 11043 | D:8      | Mangled by a death yak

Vault maps used:
D:1:      saegor_arrival_simple_b, minmay_large_rounded_square
D:2:      uniq_natasha
D:3:      minmay_overflow_temple_star_quad, lemuel_doored_altar,
          roderic_batcave, grunt_dithmenos_smoke_and_mirrors, uniq_robin
D:4:      serial_shops, shop
D:5:      first_bread, uniq_edmund, uniq_duvessa
D:6:      serial_shops, shop, shop, corexii_hall_statues_x, minmay_holes,
          hangedman_abyss_or_decor_slice, roderic_roman_lattice, uniq_eustachio
D:7:      temple_pool_b, serial_shops, shop, enter_ossuary_5
D:8:      dpeg_lair_monsters, basic_altar, uniq_maurice, uniq_erica
Temple:   eino_narrow_crystal_temple
Ossuary:  ossuary_tomb_2

Skill      XL: |  1  2  3  4  5  6  7  8  9 |
---------------+----------------------------+-----
Necromancy     | 5 6 |  6.7
Fighting       | 1 2 |  2.9
Dodging        | 3 5 |  5.0
Stealth        | 3 4 5 6 |  6.0
Short Blades   | 2 3 4 5 6 7 |  7.0
Shields        | 1 3 4 |  4.0
Charms         | 2 5 |  5.2
Evocations     | 2 4 |  4.0
Armour         | 1 3 |  3.0
Bows           | 3 |  3.0
Spellcasting   | 5 |  5.0

Action                   |  1- 3 |  4- 6 |  7- 9 || total
-------------------------+-------+-------+-------++-------
Melee: Dagger            |    55 |   165 |   759 ||   979
       Bite              |       |     1 |    94 ||    95
 Cast: Pain              |    44 |   123 |   135 ||   302
       Control Undead    |       |     3 |    11 ||    14
       Regeneration      |       |       |     2 ||     2
       Animate Dead      |       |       |     1 ||     1
       Vampiric Draining |       |       |     1 ||     1
Invok: Receive Corpses   |       |       |     1 ||     1
Evoke: Wand              |       |       |    20 ||    20
  Use: Scroll            |       |     6 |    14 ||    20
       Potion            |       |     6 |    17 ||    23
 Stab: Sleeping          |     4 |    10 |    23 ||    37
       Distracted        |       |     1 |     1 ||     2
  Eat: Chunk             |     2 |    10 |    23 ||    35
       Bread ration      |       |     1 |       ||     1
       Fruit             |       |       |     5 ||     5
       Royal jelly       |       |       |     2 ||     2
Armor: Robe              |    19 |    75 |    93 ||   187
       Skin              |       |       |    53 ||    53
Dodge: Dodged            |    65 |   123 |   238 ||   426
Block: Buckler           |       |    35 |   166 ||   201
       Reflection        |       |       |     3 ||     3
